 Dungeon Crawl Stone Soup version 0.28.0-53-g5a82cb258f (webtiles) character file.

Game seed: 16975330735448058280

2718 ZappyNine the Fighter (level 9, -10/126 HPs)
             Began as a Minotaur Berserker on May 20, 2022.
             Was a Priest of Trog.
             Mangled by an orc warrior
             ... wielding a +0 flail
              (18 damage)
             ... on level 7 of the Dungeon.
             The game lasted 00:07:00 (6262 turns).

ZappyNine the Fighter (Minotaur Berserker)          Turns: 6262, Time: 00:07:01

Health: -10/126    AC:  5    Str: 24    XL:     9   Next: 39%
Magic:  8/8        EV: 16    Int:  4    God:    Trog [***...]
Gold:   380        SH:  0    Dex: 18    Spells: 8/8 levels left

rFire   . . .      SeeInvis .   d - +2 flail (holy)
rCold   . . .      Faith    .   (no shield)
rNeg    . . .      Spirit   .   b - +0 animal skin
rPois   .          Reflect  .   (helmet restricted)
rElec   .          Harm     .   (no cloak)
rCorr   +          Rampage  .   k - +1 pair of gloves
Will    ++...                   (no boots)
Stlth   ..........              c - amulet of regeneration
HPRegen 2.11/turn               f - ring of resist corrosion
MPRegen 0.11/turn               F - +6 ring of dexterity

@: berserking, strong-willed, regenerating, very quick
A: horns 2, retaliatory headbutt
a: Renounce Religion, Berserk, Trog's Hand


You were on level 7 of the Dungeon.
You worshipped Trog.
Trog was most pleased with you.
You visited 1 branch of the dungeon, and saw 7 of its levels.

You collected 380 gold pieces.

Inventory:

Hand Weapons
 a - a +0 mace
 d - a +2 flail of holy wrath (weapon)
Armour
 b - a +0 animal skin (worn)
 k - a +1 pair of gloves (worn)
Jewellery
 c - an amulet of regeneration (around neck)
 f - a ring of resist corrosion (left hand)
 q - a ring of willpower
 y - a ring of positive energy
 A - an amulet of faith
 F - a +6 ring of dexterity (right hand)
Wands
 l - a wand of paralysis (2)
 u - a wand of mindburst (9)
 B - a wand of flame (29)
 C - a wand of iceblast (5)
 E - a wand of digging (5)
Scrolls
 g - a scroll of blinking {unknown}
 h - a scroll of magic mapping
 o - 2 scrolls of identify
 r - a scroll of fog
 s - 3 scrolls of teleportation
 x - a scroll of immolation {unknown}
 D - a scroll of enchant armour
Potions
 e - 2 potions of might
 i - 2 potions of resistance
 j - a potion of attraction {unknown}
 m - a potion of curing
 n - a potion of brilliance {unknown}
 p - 3 potions of berserk rage
 t - 2 potions of haste {unknown}
 v - a potion of cancellation {unknown}
 w - a potion of mutation {unknown}
 z - a potion of ambrosia {unknown}


   Skills:
 - Level 9.6 Fighting
 * Level 7.8 Maces & Flails
 - Level 7.8 Armour
 - Level 7.1 Dodging
 + Level 1.0 Evocations


You had 8 spell levels left.
You didn't know any spells.
Your spell library was empty.

Dungeon Overview and Level Annotations

Branches:
Dungeon (7/15)             Temple (0/1) D:6

Altars:
Ashenzari
Cheibriados
Fedhas
Gozag
Makhleb
Ru
Uskayaw
Vehumet
Wu Jian
Zin

Shops:
D:6 (

Annotations:
D:5 2 transporters


Innate Abilities, Weirdness & Mutations

You have a pair of horns on your head.
You reflexively headbutt those who attack you in melee.


Message History

You are too injured to fight recklessly!
You are too injured to fight recklessly!
You are too injured to fight recklessly!
You are too injured to fight recklessly!
You are too injured to fight recklessly!
Your skin crawls.
You feel strong-willed.
The orc warrior hits you with a +0 flail!!
* * * LOW HITPOINT WARNING * * *
The orc wizard misses you. The orc priest misses you.
The orc hits you with a +0 flail.
* * * LOW HITPOINT WARNING * * *
The orc hits you with a +0 flail.
* * * LOW HITPOINT WARNING * * *
A red film seems to cover your vision as you go berserk!
You feel yourself moving faster!
You feel mighty!
The orc warrior hits you with a +0 flail!
* * * LOW HITPOINT WARNING * * *
The orc wizard casts a spell.
The orc wizard flickers and vanishes!
Deactivating autopickup; reactivate with Ctrl-A.
The orc priest hits you but does no damage.
The orc closely misses you. You furiously retaliate!
You headbutt the orc!
You kill the orc!
Trog accepts your kill. The orc misses you.
You barely miss the orc priest.
The orc priest is moderately wounded.
The orc warrior barely misses you. Something hits you but does no damage.
The orc priest barely misses you. You furiously retaliate!
You headbutt the orc priest!!
You kill the orc priest!
Trog accepts your kill. The orc hits you but does no damage.
Your Evocations skill increases to level 1!
You thump the orc!
You kill the orc!
Trog accepts your kill.
The orc warrior hits you with a +0 flail!!
You die...

......# ......# #.....#
######.#. .)..†.#
##........
#.....###...######
...........#### #
..............#####.#
......#######...o)..#...
#.....# ###.@).....#
####### #..{).....#
#........###
#...........
#..........#
#...........
#.......^...
##..........


You could see an orc warrior.

Vanquished Creatures
  Grinder (D:4)
  Sigmund (D:2)
  A wyvern (D:7)
  Menkaure (D:5)
  Edmund (D:6)
  2 ice beasts (D:7)
  4 sky beasts
  A necrophage (D:6)
  3 ogres
  A centaur (D:7)
  2 bullfrogs
  A water moccasin zombie (D:5)
  A scorpion (D:4)
  A water moccasin skeleton (D:4)
  2 howler monkeys (D:7)
  2 centaur zombies
  A bullfrog zombie (D:6)
  4 hounds
  A centaur skeleton (D:6)
  A jelly (D:5)
  An orc priest (D:7)
  Ijyb (D:3)
  An iguana (D:5)
  2 orc wizards (D:6)
  A killer bee zombie (D:3)
  A hound zombie (D:5)
  2 howler monkey zombies
  Robin (D:2)
  5 adders
  4 gnolls (D:5)
  A howler monkey skeleton (D:5)
  A shadow imp (D:7)
  2 white imps
  A worm (D:2)
  3 dart slugs
  6 orcs
  7 endoplasms
  3 giant cockroaches
  7 hobgoblins
  4 jackals (D:2)
  3 quokkas
  3 ball pythons
  6 bats
  5 frilled lizards
  18 goblins
  4 kobolds
  8 rats
133 creatures vanquished.

Vanquished Creatures (others)
  2 fungi (D:3)
  13 plants (D:3)
  4 toadstools (D:1)
19 creatures vanquished.

Grand Total: 152 creatures vanquished

Notes
Turn   | Place    | Note
-------+----------+-------------------------------------------
     0 | D:1      | ZappyNine the Minotaur Berserker began the quest for the
                  | Orb.
     0 | D:1      | Reached XP level 1. HP: 19/19 MP: 0/0
   280 | D:1      | Reached skill level 4 in Fighting
   532 | D:1      | Reached XP level 2. HP: 27/27 MP: 1/1
  1268 | D:2      | Noticed Sigmund
  1278 | D:2      | Killed Sigmund
  1279 | D:2      | Reached skill level 7 in Fighting
  1279 | D:2      | Reached XP level 3. HP: 39/39 MP: 2/2
  1279 | D:2      | Reached XP level 4. HP: 47/47 MP: 3/3
  1279 | D:2      | Reached XP level 5. HP: 52/52 MP: 4/4
  1394 | D:2      | Noticed Robin
  1405 | D:2      | Killed Robin
  1411 | D:2      | HP: 2/52 [hobgoblin[Robin] (6)]
  1416 | D:2      | Reached ** piety under Trog
  1427 | D:2      | HP: 1/52 [goblin/+0 dagger[Robin] (2)]
  2211 | D:2      | Reached skill level 8 in Fighting
  2252 | D:2      | Found a faded altar of an unknown god.
  2626 | D:3      | Found an opulent altar of Gozag.
  2629 | D:3      | Found a blossoming altar of Fedhas.
  2655 | D:3      | Found a burning altar of Makhleb.
  2660 | D:3      | Reached XP level 6. HP: 61/61 MP: 5/5
  2687 | D:3      | Found a sacrificial altar of Ru.
  2733 | D:3      | Noticed Ijyb
  2735 | D:3      | Noticed a +0 hand axe
  2735 | D:3      | Noticed a +0 hand axe
  2736 | D:3      | Found a hide-covered altar of Uskayaw.
  2736 | D:3      | Paralysed by Ijyb for 5 turns
  2744 | D:3      | Killed Ijyb
  3093 | D:3      | Found a broken altar of Ashenzari.
  3492 | D:4      | Noticed Grinder
  3501 | D:4      | Paralysed by Grinder for 7 turns
  3517 | D:4      | Killed Grinder
  3518 | D:4      | Reached XP level 7. HP: 45/69 MP: 6/6
  3730 | D:4      | Found an ornate altar of the Wu Jian Council.
  3834 | D:4      | Reached skill level 5 in Armour
  4036 | D:4      | Found a radiant altar of Vehumet.
  4140 | D:5      | Entered Level 5 of the Dungeon
  4146 | D:5      | Found a transporter.
  4234 | D:5      | Found a transporter.
  4266 | D:5      | Reached skill level 5 in Dodging
  4322 | D:5      | Reached XP level 8. HP: 24/77 MP: 7/7
  4459 | D:5      | Found a glowing silver altar of Zin.
  4712 | D:5      | Reached skill level 9 in Fighting
  4736 | D:5      | Noticed Menkaure
  4744 | D:5      | Killed Menkaure
  5058 | D:6      | Noticed Edmund
  5066 | D:6      | Killed Edmund
  5128 | D:6      | Found a staircase to the Ecumenical Temple.
  5366 | D:6      | Reached *** piety under Trog
  5475 | D:6      | Found Hoepog's Weapon Emporium.
  5699 | D:6      | Found a snail-covered altar of Cheibriados.
  5958 | D:7      | Reached XP level 9. HP: 77/84 MP: 8/8
  5979 | D:7      | Reached skill level 5 in Maces & Flails
  6260 | D:7      | HP: 5/126 [orc warrior/+0 flail (14)]
  6262 | D:7      | Reached skill level 1 in Evocations
  6262 | D:7      | Mangled by an orc warrior

Illustrated notes

Levels and vault maps discovered:
D:1:      amcnicky_arrival_underground_garden, layout_basic,
          minmay_gold_behind_fungi
D:2:      layout_rooms, serial_forest, infiniplex_forest_straight_2,
          infiniplex_forest_straight_2, infiniplex_forest_straight_1,
          infiniplex_forest_lined_2, infiniplex_forest_zigzag_2,
          infiniplex_forest_end_double, infiniplex_forest_fountain,
          infiniplex_forest_end_2, infiniplex_forest_clump_tiny,
          ebering_ecumenical_altar_mist, grunt_ministairs_5, uniq_sigmund,
          uniq_robin
D:3:      layout_loops_ring, dancing_weapons_uskayaw, pf_just_have_faith,
          fedhas_altar_3, mainiacjoe_overflow_cross_hatched,
          mainiacjoe_overflow_surrounded_room, nicolae_ru_awakened_eye,
          bh_walls_and_bars, uniq_ijyb
D:4:      layout_basic, pdpol_wu_jian_five_deadly_venoms,
          mainiacjoe_overflow_alcove_2, uniq_grinder
D:5:      gammafunk_cloud_chamber, layout_loops_ring, zin_academy, uniq_menkaure
D:6:      layout_loops_ring, lemuel_coloured_pillars_altar,
          minmay_temple_entry_drinking_statues, serial_shops,
          nicolae_shop_waterfront, uniq_edmund
D:7:      gammafunk_beogh_shrine, layout_rooms, minmay_shop_mass,
          hangedman_abyss_or_decor_stabs, dk_rats_in_the_wall

Skill      XL: |  1  2  3  4  5  6  7  8  9 |
---------------+----------------------------+-----
Fighting       | 4 7 8 9 |  9.6
Armour         | 4 5 7 |  7.8
Dodging        | 4 5 7 |  7.1
Maces & Flails | 4 7 |  7.8
Evocations     | 1 |  1.0

Action                   |  1- 3 |  4- 6 |  7- 9 || total
-------------------------+-------+-------+-------++-------
Melee: Mace              |    47 |   108 |    84 ||   239
       Headbutt          |     3 |    15 |    43 ||    61
       Punch             |       |     1 |     2 ||     3
       Flail             |       |       |   108 ||   108
Invok: Berserk           |     1 |     3 |     3 ||     7
       Trog's Hand       |       |     1 |     2 ||     3
  Use: Potion            |       |     2 |       ||     2
       Scroll            |       |       |     8 ||     8
 Stab: Sleeping          |       |     2 |     1 ||     3
Armor: Animal skin       |     8 |    22 |    44 ||    74
Dodge: Dodged            |    27 |    96 |   146 ||   269
